AoeStats
← Malik Bhai

Arabia

508570378Analyzed
1v1 RM · 10d ago on Sep 23, 2026· 35m 31s· 2 players
Game mode
Random Map
Map size
Tiny (2 player)
Population
200
Speed
Normal
Resources
Standard
Victory
Conquest
Starting age
Dark Age
Ending age
Imperial Age
RankedLock teamsTeams togetherTeam positionsShared explorationLock speedFull tech treeHidden civsTurbo modeCheats
Victory
Defeat
🇺🇸 Malians · United States
1671
+16
🇵🇰 Franks · Pakistan
1667
-16
Malik Bhai
5:38 Loom
9:17 Feudal Age
9:52 Double-Bit Axe
16:36 Fletching
22:39 Wheelbarrow
26:22 Castle Age
24:29 Padded Archer Armor
26:24 Crossbowman
27:07 Bodkin Arrow
Old Took
7:16 Loom
9:43 Feudal Age
9:43 Man-at-Arms
14:05 Scale Mail Armor
15:26 Arson
17:00 Town Watch
26:39 Castle Age
25:24 Double-Bit Axe
27:22 Squires
27:48 Chain Mail Armor
27:36 Long Swordsman
Connection lost

Rejoining the realm…

Still unreachable

The connection could not be restored.

Session expired

The server has moved on; the page needs a fresh start.